 Dungeon Crawl Stone Soup version 0.19-a0-1167-g79b6552 (webtiles) character file.

77 Jmtri7 the Ducker (level 4, -1/34 HPs)
             Began as a Demonspawn Gladiator on Aug 14, 2016.
             Slain by a hobgoblin
             ... wielding a +0 club
             ... led by Robin
              (6 damage)
             ... on level 3 of the Dungeon on Aug 15, 2016.
             The game lasted 00:03:40 (1763 turns).

Jmtri7 the Ducker (Demonspawn Gladiator)            Turns: 1763, Time: 00:03:41

Health: -1/34      AC:  4    Str: 16    XL:     4   Next: 14%
Magic:  4/4        EV: 13    Int:  9    God:
Gold:   155        SH:  0    Dex: 14    Spells: 0 memorised, 3 levels left

rFire  . . .     SeeInvis .     a - +0 long sword
rCold  . . .     Gourm    .     b - +0 leather armour
rNeg   . . .     Faith    .     (no shield)
rPois  .         Spirit   .     j - +0 helmet
rElec  .         Dismiss  .     (no cloak)
rCorr  .         Reflect  .     (no gloves)
MR     .....     Harm     .     (no boots)
Stlth  +.........               (no amulet)
                                (no ring)
                                (no ring)

@: no status effects
A: claws 2
a: no special abilities


You were on level 3 of the Dungeon.
You were not hungry.

You visited 1 branch of the dungeon, and saw 3 of its levels.

You collected 155 gold pieces.

Inventory:

Hand Weapons
 a - a +0 long sword (weapon)
Missiles
 d - 3 throwing nets (quivered)
Armour
 b - a +0 leather armour (worn)
 c - a +0 helmet
 j - a +0 helmet (worn)
Scrolls
 e - 2 scrolls of remove curse {unknown}
 h - 2 scrolls of identify {unknown}
 i - 2 scrolls of enchant weapon {unknown}
 n - a scroll of fear {unknown}
 o - a scroll of magic mapping {unknown}
 q - a scroll of teleportation {unknown}
Potions
 g - a potion of invisibility
 k - a potion of degeneration {unknown}
 l - a potion of agility {unknown}
 m - a potion of curing {unknown}
 p - a potion of magic {unknown}
 r - a potion of lignification {unknown}
Comestibles
 f - 5 bread rations
 s - a meat ration


   Skills:
 + Level 2.9 Fighting
 + Level 3.2 Long Blades
 - Level 1.7 Throwing
 + Level 3.6 Dodging


You had 3 spell levels left.
You didn't know any spells.

Dungeon Overview and Level Annotations

Branches:
Dungeon (3/15)

Altars:
Trog
Xom


Innate Abilities, Weirdness & Mutations

You have very sharp fingernails.


Message History

Robin is severely wounded.
Robin throws the goblin at you!
* * * LOW HITPOINT WARNING * * *
You barely miss Robin.
Robin is severely wounded.
The goblin unwields an uncursed hunting sling.
The goblin barely misses you. Robin barely misses you.
You riposte.
You hit Robin.
You kill Robin!
You have reached level 4!
You feel stronger.
You barely miss the goblin. The goblin misses you.
The hobgoblin closely misses you.
You riposte.
You barely miss the hobgoblin. The goblin misses you.
You riposte.
You hit the goblin but do no damage. You hit the goblin.
The goblin is moderately wounded.
The hobgoblin misses you.
You riposte.
You closely miss the hobgoblin. The goblin hits you but does no damage.
You closely miss the hobgoblin. The hobgoblin hits you with a club.
You die...

######.######.#.
..# #...........
..# #.#(#######.
#.#.# #.#.# #.#.#
#.#.# #g#.# #@#.#
#g# #.# #.# #.#
#.### #...#
###.##############
#...g.............


You could see a hobgoblin and a goblin.

Vanquished Creatures
  Robin (D:3)
  An adder (D:3)
  3 oozes
  A worm (D:2)
  A giant gecko (D:2)
  2 bats (D:2)
  A giant cockroach (D:1)
  6 goblins
  5 hobgoblins
  6 jackals (D:1)
  3 kobolds (D:1)
  2 quokkas (D:2)
  2 giant newts (D:1)
  4 rats
38 creatures vanquished.

Notes
Turn   | Place    | Note
-------+----------+-------------------------------------------
     0 | D:1      | Jmtri7 the Demonspawn Gladiator began the quest for the Orb.
     0 | D:1      | Reached XP level 1. HP: 16/16 MP: 1/1
    71 | D:1      | Gained mutation: You have sharp fingernails. [demonic ancestry]
    71 | D:1      | Reached XP level 2. HP: 17/22 MP: 2/2
   628 | D:2      | Gained mutation: You have very sharp fingernails. [demonic ancestry]
   628 | D:2      | Reached XP level 3. HP: 28/28 MP: 3/3
  1244 | D:2      | Found a shimmering altar of Xom.
  1604 | D:3      | Found a bloodstained altar of Trog.
  1707 | D:3      | Noticed Robin
  1760 | D:3      | Killed Robin
  1760 | D:3      | Reached XP level 4. HP: 5/34 MP: 4/4
  1763 | D:3      | Slain by a hobgoblin

Vault maps used:
D:1:      mainiacjoe_arrival_reflecting_pool
D:2:      nicolae_overflow_hidden_temple, first_bread
D:3:      lemuel_crystal_altar, lemuel_doored_altar, serial_glass,
          glass_columns_b, glass_columns_c, uniq_robin, uniq_crazy_yiuf_cottage

Skill      XL: |  1  2 |
---------------+-------+-----
Dodging        | 3 |  3.6
Long Blades    | 3 |  3.2
Fighting       | |  2.9
Throwing       | |  1.7

Action                   |  1- 3 |  4- 6 || total
-------------------------+-------+-------++-------
Melee: Long sword        |   156 |     6 ||   162
 Stab: Sleeping          |     1 |       ||     1
  Eat: Chunk             |     3 |       ||     3
Armor: Leather armour    |    26 |     1 ||    27
Dodge: Dodged            |    93 |     4 ||    97
